 Dungeon Crawl Stone Soup version 0.20.0-10-g0535bb4 (webtiles) character file.

1501755 magipi the Corrupter of Planes (level 27, 250/250 HPs)
             Began as a Hill Orc Abyssal Knight on June 6, 2017.
             Was the Champion of Lugonu.
             Escaped with the Orb
             ... and 3 runes on June 7, 2017!
             The game lasted 07:25:19 (89707 turns).

magipi the Corrupter of Planes (HOAK)              Turns: 89707, Time: 07:25:19

Health: 250/250    AC: 37    Str: 23    XL:     27
Magic:  40/40      EV: 21    Int: 18    God:    Lugonu [******]
Gold:   2287       SH:  0    Dex: 19    Spells: 10/36 levels left

rFire    + + +     SeeInvis +   a - +9 battleaxe (elec)
rCold    + + +     Gourm    .   (shield currently unavailable)
rNeg     + . .     Faith    +   l - +3 chain mail {MR+}
rPois    +         Spirit   .   r - +3 crown of Dyrovepreva {rElec Int+2 SInv}
rElec    +         Reflect  .   p - +2 cloak {rPois}
rCorr    .         Harm     .   w - +3 pair of gloves of Plog {+Fly rF+ rC+}
MR       +++..                  D - +2 pair of boots {Fly}
Stlth    ..........             O - amulet of faith
Regen    0.6/turn               n - ring "Sitsuu" {rN+ AC+3 Int+4}
MPRegen  0.3/turn               f - ring of the Burgomaster {rF++ rC+ Str+6}

@: no status effects
A: claws 1, repulsion field 1, icy blue scales 1, thin skeletal structure 1,
clumsy 1, cold resistance 1, mutation resistance 1, weak 1, no potion heal 1
0: Orb of Zot
}: 3/15 runes: barnacled, abyssal, gossamer
a: Depart the Abyss, Bend Space, Banish, Corrupt, Enter the Abyss, Brand Weapon
With Distortion, Renounce Religion, Evoke Flight


You escaped.
You worshipped Lugonu.
Lugonu was exalted by your worship.
You were very full.

You visited 9 branches of the dungeon, and saw 48 of its levels.
You visited the Abyss 2 times.
You visited 1 bazaar.
You also visited: Labyrinth.

You collected 6473 gold pieces.
You spent 4186 gold pieces at shops.

Inventory:

Hand Weapons
 a - a +9 battleaxe of electrocution (weapon)
   (You took it off a wight on level 8 of the Dungeon)
 b - a +1 blowgun
   (You took it off a kobold on level 3 of the Dungeon)
Missiles
 J - 2 throwing nets
 K - 22 javelins (quivered)
 P - 3 curare-tipped needles
Armour
 l - a +3 chain mail of magic resistance (worn)
   (You found it in a labyrinth)
 p - a +2 cloak of poison resistance (worn)
   (You took it off Nikola on level 4 of the Spider Nest)
 r - the +3 crown of Dyrovepreva (worn) {rElec Int+2 SInv}
   (You found it on level 4 of the Shoals)

   It affects your intelligence (+2).
   It insulates you from electricity.
   It lets you see invisible.
 w - the +3 pair of gloves of Plog (worn) {+Fly rF+ rC+}
   (You acquired it on level 1 of the Lair of Beasts)

   It protects you from fire.
   It protects you from cold.
   It lets you fly.
 D - a +2 pair of boots of flying (worn)
   (You found it on level 6 of the Dungeon)
Jewellery
 f - the ring of the Burgomaster (right hand) {rF++ rC+ Str+6}
   (You bought it in a shop on level 1 of the Depths)

   [ring of protection from cold]

   It affects your strength (+6).
   It greatly protects you from fire.
   It protects you from cold.
 g - a +6 ring of evasion
   (You found it on level 3 of the Spider Nest)
 m - an uncursed ring of protection from magic
   (You found it on level 2 of the Vaults)
 n - the ring "Sitsuu" (left hand) {rN+ AC+3 Int+4}
   (You found it on level 10 of the Dungeon)

   [ring of protection]

   It affects your AC (+3).
   It affects your intelligence (+4).
   It protects you from negative energy.
 o - an uncursed ring of resist corrosion
   (You found it on level 3 of the Elven Halls)
 O - an amulet of faith (around neck)
   (You bought it in a shop on level 2 of the Orcish Mines)
Wands
 d - a wand of digging (3/24)
   (You found it on level 13 of the Dungeon)
 h - a wand of acid (9/15)
   (You found it on level 5 of the Realm of Zot)
 k - a wand of paralysis (3/24)
   (You found it on level 4 of the Spider Nest)
 q - a wand of polymorph (10/24)
   (You found it on level 3 of the Lair of Beasts)
 Q - a wand of confusion (27/48)
   (You took it off a crimson imp on level 14 of the Dungeon)
 T - a wand of clouds (2/9)
   (You found it on level 3 of the Depths)
 U - a wand of iceblast (2/15)
   (You took it off an orc priest on level 10 of the Dungeon)
 Z - a wand of scattershot (2/9)
   (You took it off a meliai on level 14 of the Dungeon)
Scrolls
 e - 8 scrolls of fear
 i - 4 scrolls of recharging
 j - 20 scrolls of identify
 t - 6 scrolls of teleportation
 y - 2 scrolls of summoning
 A - 11 scrolls of fog
 N - 16 scrolls of remove curse
 W - 2 scrolls of holy word
Potions
 s - a potion of haste
 u - 6 potions of invisibility
 x - a potion of berserk rage
 z - a potion of resistance
 B - 5 potions of magic
 C - 22 potions of curing
 E - 2 potions of might
 G - 2 potions of cancellation
 H - 5 potions of heal wounds
 M - 3 potions of flight
 Y - a potion of ambrosia
Miscellaneous
 I - a phial of floods
   (You found it on level 2 of the Orcish Mines)
 X - a lamp of fire
   (You found it on level 4 of the Lair of Beasts)
Comestibles
 c - 17 bread rations
 L - 17 meat rations


   Skills:
 + Level 21.2 Fighting
 - Level 20.7 Axes
 - Level 12.2 Throwing
 + Level 17.9 Armour
 + Level 14.2 Dodging
 - Level 5.0 Spellcasting
 - Level 11.0 Hexes
 - Level 11.7 Charms
 - Level 11.0 Necromancy
 - Level 11.0 Translocations
 O Level 27 Invocations
 - Level 10.0 Evocations


You had 10 spell levels left.
You knew the following spells:

 Your Spells              Type           Power        Failure   Level  Hunger
a - Apportation           Tloc           #####.       1%          1    None
b - Blink                 Tloc           N/A          1%          2    #......
c - Lesser Beckoning      Tloc           #####.....   1%          3    ##.....
d - Animate Dead          Necr           N/A          5%          4    ####...
e - Animate Skeleton      Necr           N/A          1%          1    None
f - Passage of Golubria   Tloc           N/A          5%          4    ####...
g - Tukima's Dance        Hex            #####...     1%          3    ##.....
r - Regeneration          Chrm/Necr      #####.....   1%          3    ##.....
s - Song of Slaying       Chrm           #####...     1%          2    #......
w - Spectral Weapon       Hex/Chrm       #####...     1%          3    ##.....


Dungeon Overview and Level Annotations

Branches:
Dungeon (15/15)            Temple (0/1) D:6            Lair (6/6) D:9
 Shoals (4/4) Lair:3       Spider (4/4) Lair:3        Slime (0/5) Lair:5
    Orc (2/2) D:11            Elf (3/3) Orc:2        Vaults (4/5) D:13
  Crypt (0/3) Vaults:2     Depths (5/5) D:15            Zot (5/5) Depths:5

Altars:
Ashenzari
Cheibriados
Fedhas
Gozag
Kikubaaqudgha
Makhleb
Nemelex Xobeh
Okawaru
Qazlal
Ru
Vehumet
Xom
Zin
Beogh

Shops:
D:5 !   D:9 :   D:11 (   D:13 (   D:15 *   Orc:2 }((=   Vaults:1 [   Vaults:2 =
Vaults:3 ?   Depths:1 ==

Portals:
Hell: Depths:1 Depths:2 Depths:3 Depths:4 Depths:5
Abyss: Depths:2 Depths:4
Pandemonium: Depths:3 Depths:4
Ziggurat: Depths:2
Trove: D:14 (give +6 ice dragon scales)

Annotations:
Lair:4 Kirke
Elf:2 3 runed doors
Vaults:3 Donald
Vaults:4 Boris
Depths:5 corrupted
Abyss:1 Erolcha, Pikel, Polyphemus, Urug


Innate Abilities, Weirdness & Mutations

You have sharp fingernails.
You are surrounded by a mild repulsion field. (EV +2)
You are partially covered in icy blue scales. (AC +2)
You have a somewhat thin skeletal structure. (Dex +2, Stealth)
You are clumsy. (Dex -2)
Your flesh is cold resistant. (rC+)
You are somewhat resistant to further mutation.
You are weak. (Str -2)
Potions are less effective at restoring your health.


Message History

There is a stone staircase leading down here.
Your +9 battleaxe of electrocution stops crackling.
b - a +1 blowgun (weapon)
Firing (i - inventory. (,) - cycle):
P - 4 curare-tipped needles (quivered)
Press: ? - help, Shift-Dir - straight line, f - Orb Guardian
Aim: an Orb Guardian You shoot a curare-tipped needle.
The curare-tipped needle hits the Orb Guardian.
The Orb Guardian is poisoned.
The Orb Guardian convulses.
The Orb Guardian seems to slow down.
The Orb Guardian is lightly wounded.
You hear the crackle of electricity.
a - a +9 battleaxe of electrocution (weapon)
You slash the Orb Guardian!
Lightning courses through the Orb Guardian!
The Orb Guardian is heavily wounded.
The Orb Guardian hits you!
You slash the Orb Guardian!
Lightning courses through the Orb Guardian!
The Orb Guardian is severely wounded.
The Orb Guardian hits you but does no damage.
You hit the Orb Guardian.
The Orb Guardian is almost dead.
You slash the Orb Guardian!
Lightning courses through the Orb Guardian!
You kill the Orb Guardian!
Lugonu accepts your kill.
(D) Dungeon (T) Temple (L) Lair (A) Shoals (N) Spider Nest (M) Slime Pits (O) Orcish Mines (E) Elven Halls (V) Vaults (C) Crypt (U) Depths (H) Hell (Z) Zot
Where to? (Enter - D:1 @ (x,y), ? - help)
What level of the Dungeon? (default 1, ? - help) HP restored.
There is a stone staircase leading up here.
You climb upwards.
There is a stone staircase leading down here.
A soul eater comes into view.
There is a stone staircase leading up here.
You climb upwards.
There is a stone staircase leading down here.
(D) Dungeon (T) Temple (L) Lair (A) Shoals (N) Spider Nest (M) Slime Pits (O) Orcish Mines (E) Elven Halls (V) Vaults (C) Crypt (U) Depths (H) Hell (Z) Zot
Where to? (Enter - D:1 @ (x,y), ? - help)
There is an escape hatch in the floor here.
There is an open door here.
There is a stone staircase leading up here.
You climb upwards.
There is a stone staircase leading down here.
There is a stone staircase leading up here.
You climb upwards.
There is a stone staircase leading down here.
There is a stone staircase leading up here.
You climb upwards.
There is a stone staircase leading down here.
A soul eater comes into view.
There is a stone staircase leading up here.
You climb upwards.
There is a stone staircase leading down here.
(D) Dungeon (T) Temple (L) Lair (A) Shoals (N) Spider Nest (M) Slime Pits (O) Orcish Mines (E) Elven Halls (V) Vaults (C) Crypt (U) Depths (H) Hell (Z) Zot
Where to? (Enter - D:1 @ (x,y), ? - help)
There is an escape hatch in the ceiling here.
A mysterious force pulls you upwards. The hatch slams shut behind you.
There is a stone staircase leading up, spattered with blood here.
You see here a stone.
You climb upwards.
There is a stone staircase leading down, spattered with blood here.
There is a stone staircase leading up here.
You climb upwards.
There is a stone staircase leading down here.
There is a stone staircase leading up here.
You climb upwards.
There is a stone staircase leading down here.
There is a stone staircase leading up here.
You climb upwards.
There is a stone staircase leading down here.
A ynoxinul comes into view.
You slice the ynoxinul like a ripe choko!!!
You kill the ynoxinul!
Lugonu accepts your kill.
There is a stone staircase leading up here.
You climb upwards.
There is a stone staircase leading down here.
Evoke which item? (* to show all) (? for menu, Esc to quit)
Aiming: Dig
Press: ? - help, Shift-Dir - straight line The rock shatters into small pieces.
This wand has 3 charges left.
A hellwing and a smoke demon come into view.
The smoke demon roars!
There is a staircase leading out of the dungeon here.
Wield which item (- for none, * to show all)? (? for menu, Esc to quit)
Okay, then.
Put on which piece of jewellery? (? for menu, Esc to quit)
Okay, then.
You have escaped!

########## #......3....#
# ####....#.#.#
####.#.#.# ### #3#.#.#
#8# ### ##.#.#.# #.##
#8# #####..#.#.# .#.##
##.## #8##.#.#.#.#
###.##
##.#.###.#.##.#.#.# #
##.###.###.#.#@###.#.#.#
##.#.## ##.#.## #...#.#
##.## #8.# #####.# #8#
#.# #.# ### ## #.#
####.# #.##.# #.##.#
#....#


You could see a smoke demon.

Vanquished Creatures
  8 orbs of fire
  5 ancient liches
  2 juggernauts
  Sojobo (Depths:3)
  A curse toe (Zot:4)
  4 Killer Klowns
  7 golden dragons
  Nikola (Spider:4)
  the Enchantress (Depths:1)
  A bone dragon (Depths:5)
  Jorgrun (Shoals:2)
  3 electric golems
  22 tentacled monstrosities
  24 Orb Guardians
  3 liches
  2 deep elf blademasters
  A kraken (Shoals:2)
  5 tentacled starspawn (Abyss:3)
  4 deep elf master archers (Elf:3)
  4 quicksilver dragons
  2 death cobs
  2 sphinxes
  12 storm dragons
  4 shadow dragons
  3 draconian monks
  4 tengu reavers
  Ilsuiw (Shoals:3)
  A daeva (Abyss:3)
  6 fire giants
  13 frost giants
  8 deep elf sorcerers
  Aizul (Spider:2)
  A balrug (Depths:5)
  An emperor scorpion (Spider:4)
  9 vault wardens
  4 draconian scorchers
  6 deep elf elementalists
  A draconian knight (Depths:5)
  2 draconian shifters
  9 ironheart preservers
  7 ghost moths
  An orc warlord (Orc:2)
  11 stone giants
  4 draconian annihilators
  4 draconian stormcallers
  6 spriggan defenders
  5 very ugly things
  7 deep elf demonologists
  Nessos (D:13)
  2 vampire knights
  11 deep elf annihilators
  An entropy weaver (Abyss:3)
  9 black draconians
  9 green draconians
  12 yellow draconians
  4 purple draconians
  13 white draconians
  11 red draconians
  7 deep elf death magi
  2 spark wasps
  12 ettins
  7 fire dragons
  2 merfolk javelineers
  5 merfolk impalers
  11 deep elf high priests
  8 ogre magi
  5 yaktaur captains
  7 rakshasas
  9 ice dragons
  12 great orbs of eyes
  2 catoblepae
  2 spriggan air magi
  4 merfolk avatars (Shoals:4)
  A ghost crab (Abyss:3)
  8 vault guards
  4 hydras
  2 death knights
  3 centaur warriors
  20 two-headed ogres
  20 dancing weapons
  4 merfolk aquamancers
  4 death yaks
  8 deep troll shamans
  5 satyrs
  6 tengu warriors
  11 deep troll earth magi
  2 orc high priests (Orc:2)
  7 spriggan berserkers
  10 hell knights
  2 vampire magi
  10 thrashing horrors (Abyss:3)
  A soul eater (Vaults:2)
  18 deep elf knights
  2 sun demons (Depths:5)
  Nergalle (Abyss:1)
  A titan skeleton (Depths:2)
  A fire crab (Abyss:3)
  2 shadow wraiths
  4 wretched stars (Abyss:3)
  8 iron trolls
  3 unseen horrors
  8 skeletal warriors (Vaults:1)
  4 sea snakes
  A glowing orange brain (Depths:3)
  A shadow demon (Depths:3)
  2 spatial maelstroms (Abyss:3)
  A torturous demonspawn (Depths:3)
  37 deep trolls
  A death drake (Abyss:3)
  6 wizards
  11 large abominations (Abyss:3)
  A shambling mangrove (Abyss:3)
  23 deep elf archers
  An obsidian statue (Depths:3)
  10 ironbrand convokers
  3 wolf spider zombies
  A harpy (shapeshifter) (D:14)
  6 orc knights
  3 phantasmal warriors
  3 flayed ghosts
  9 orb spiders
  8 necromancers
  2 frost giant zombies (Depths:2)
  6 harpies
  8 cyclopes
  3 orc sorcerers (Orc:2)
  55 deep elf magi
  3 human zombies (Vaults:3)
  A mana viper (Abyss:3)
  34 wolf spiders
  7 fauns
  45 ugly things
  5 elephants (Lair:3)
  8 worldbinders (Abyss:3)
  12 manticores
  2 salamanders (shapeshifter)
  3 merfolk sirens
  34 moths of wrath
  The ghost of Lochraine the Black Sun, a novice TeNe of Kikubaaqudgha (D:6)
  Psyche (Abyss:1)
  4 apocalypse crabs (Abyss:3)
  3 black mambas
  3 vault sentinels (Vaults:3)
  19 hornets
  4 water nymphs
  2 gargoyles
  A guardian serpent (shapeshifter) (Vaults:4)
  A torpor snail (shapeshifter) (Elf:1)
  A smoke demon (Abyss:3)
  A torpor snail (Lair:6)
  5 centaur skeletons
  12 spiny frogs
  3 rime drakes
  2 komodo dragons (shapeshifter)
  10 komodo dragons
  6 freezing wraiths
  49 yaktaurs
  3 efreet
  21 demonic crawlers
  3 hellwings
  A rime drake (shapeshifter) (D:13)
  2 meliai (D:14)
  An ice devil (Depths:3)
  3 trolls (shapeshifter)
  8 trolls
  15 merfolk
  A red devil (Depths:3)
  5 tengu conjurers
  4 ancient zymes (Abyss:3)
  A polar bear (shapeshifter) (Depths:4)
  Prince Ribbit (D:6)
  25 jumping spiders
  A tengu simulacrum (Vaults:3)
  3 wind drakes
  20 slime creatures
  An ettin zombie (Vaults:3)
  13 raiju (Abyss:3)
  8 hippogriffs
  23 blink frogs
  2 dream sheep (Shoals:2)
  A dream sheep (shapeshifter) (Depths:3)
  A centaur simulacrum (D:15)
  2 snapping turtles
  3 flying skulls (Abyss:3)
  4 ynoxinuls
  Sigmund (D:2)
  7 air elementals
  26 tarantellas
  54 redbacks
  10 spriggans
  7 fire elementals
  3 fire bats (Abyss:3)
  22 water elementals
  2 vampires
  5 starcursed masses (Abyss:3)
  42 yaks
  3 wraiths
  A chaos spawn (Depths:3)
  6 wyverns
  A basilisk (Lair:4)
  17 humans (D:13)
  Eustachio (D:4)
  An elf skeleton (Vaults:1)
  A human simulacrum (Vaults:1)
  8 hungry ghosts
  3 neqoxecs (Abyss:3)
  10 vampire mosquitoes
  6 wargs
  A spatial vortex (Abyss:3)
  A yaktaur simulacrum (Vaults:2)
  4 insubstantial wisps (Abyss:3)
  A soldier ant (shapeshifter) (Depths:3)
  3 acid dragons
  A floating eye (Depths:3)
  7 water moccasins
  13 porcupines
  24 soldier ants
  53 orc warriors
  5 black bears
  3 sky beasts
  3 ice beasts
  2 slaves
  2 hornet zombies
  8 small abominations
  An eye of draining (D:13)
  2 phantoms
  A necrophage (D:11)
  14 wolves
  44 ogres
  12 centaurs
  23 crocodiles
  2 big kobolds
  A yaktaur zombie (Vaults:1)
  18 bullfrogs
  A human skeleton (Vaults:3)
  A wyvern zombie (D:6)
  A wyvern skeleton (D:12)
  3 earth elementals
  9 scorpions
  22 killer bees
  13 wights
  3 howler monkeys
  6 electric eels
  8 crimson imps
  A bullfrog zombie (D:9)
  2 quasits
  A wyvern simulacrum (D:14)
  3 centaur zombies
  6 hounds
  14 jellies
  46 orc priests
  31 orc wizards
  An iron imp (Abyss:3)
  3 bullfrog skeletons
  13 iguanas
  26 worker ants
  A hound skeleton (D:10)
  2 worker ant zombies
  A gnoll (Orc:2)
  19 adders
  8 shadow imps
  2 white imps (Abyss:3)
  3 ufetubi
  2 oozes (D:3)
  An adder skeleton (D:5)
  An adder zombie (D:5)
  3 worms
  3 dart slugs
  17 leopard geckos
  129 orcs
  A ball python (D:6)
  5 bats
  4 giant cockroaches
  9 goblins
  7 hobgoblins
  4 jackals
  15 kobolds
  7 quokkas
  16 frilled lizards
  A jackal skeleton (D:4)
  2 leopard gecko skeletons (D:7)
  6 rats
  A fire vortex (Abyss:3)
  3 fungi
  A lurking horror (Abyss:3)
  10 plants
  A starspawn tentacle (Abyss:3)
  3 tentacles
2231 creatures vanquished.

Vanquished Creatures (collateral kills)
  A golden dragon (Depths:2)
  A tentacled monstrosity (Zot:5)
  A titan (Depths:4)
  2 tengu reavers
  A shadow dragon (Depths:4)
  2 storm dragons
  4 frost giants
  4 fire giants
  A ghost moth (Spider:4)
  Louise (Depths:3)
  3 very ugly things (Depths:4)
  4 stone giants
  A deep elf annihilator (Vaults:2)
  2 spark wasps
  A purple draconian (Depths:5)
  3 ettins
  A merfolk impaler (Shoals:4)
  A merfolk javelineer (Shoals:3)
  3 spriggan air magi (Depths:2)
  A hydra (D:14)
  2 vault guards (Vaults:3)
  2 death yaks (Lair:6)
  6 two-headed ogres
  A merfolk avatar (Shoals:3)
  A death knight (D:14)
  A deep troll earth mage (Depths:5)
  A vampire mage (Depths:2)
  4 deep troll shamans
  3 thrashing horrors (Abyss:3)
  2 hell knights (Depths:2)
  An unseen horror (D:14)
  A sea snake (Shoals:1)
  10 harpies
  11 orb spiders
  8 wolf spiders
  A deep elf mage (Vaults:1)
  8 ugly things
  An orc sorcerer (Orc:2)
  4 fauns
  2 manticores
  2 cyclopes
  2 moths of wrath
  5 merfolk sirens
  An apocalypse crab (Abyss:3)
  A torpor snail (Spider:3)
  A water nymph (shapeshifter) (D:14)
  3 water nymphs
  2 spiny frogs
  A spiny frog (shapeshifter) (Depths:4)
  A yaktaur (shapeshifter) (D:14)
  A rime drake (Lair:6)
  3 yaktaurs
  A komodo dragon (Lair:6)
  5 demonic crawlers
  2 meliai (D:14)
  5 merfolk
  10 jumping spiders
  5 hornets
  A troll (D:9)
  3 wind drakes
  2 slime creatures (Vaults:1)
  5 dream sheep (Shoals:2)
  An ettin zombie (Vaults:1)
  A snapping turtle (Shoals:1)
  2 hippogriffs (Shoals:1)
  4 spriggans (Depths:2)
  A stone giant simulacrum (Depths:2)
  19 redbacks
  5 water elementals
  An air elemental (Depths:2)
  8 tarantellas
  A basilisk (Lair:6)
  5 yaks
  A large abomination (Abyss:3)
  A vampire mosquito (D:12)
  A warg (Orc:2)
  An acid dragon (Lair:6)
  A water moccasin (shapeshifter) (Vaults:3)
  An eye of draining (D:14)
  6 orc warriors
  3 swamp drakes (Lair:6)
  3 ogres
  3 crocodiles
  An electric eel (D:12)
  A crimson imp (D:14)
  3 jellies (Lair:5)
  2 orc wizards
  An iguana (Lair:6)
  A worker ant (Lair:4)
  An adder skeleton (D:9)
  12 orcs
  A hobgoblin (D:11)
  8 plants
  A tentacle (Shoals:2)
271 creatures vanquished.

Vanquished Creatures (others)
  Mennas (Depths:5)
  2 death cobs
  A kraken (Abyss:3)
  A frost giant (Depths:5)
  3 fire giants
  A draconian scorcher (Depths:5)
  4 emperor scorpions
  An entropy weaver (Spider:4)
  A deep elf annihilator (Elf:3)
  A red draconian (Zot:2)
  A merfolk javelineer (Shoals:4)
  2 ettins
  2 hydras
  2 two-headed ogres
  3 death knights
  A dancing weapon (Elf:3)
  4 orc high priests (Orc:2)
  A thrashing horror (Abyss:2)
  The ghost of Serafim the Cleaver, a novice MiFi of Okawaru (D:9)
  A spark wasp zombie (Depths:2)
  The ghost of Lexie the Basher, a novice GrFi of Okawaru (D:7)
  3 wizards
  An ironbrand convoker (Vaults:2)
  A swamp dragon (Lair:6)
  2 cyclopes (D:14)
  An orc knight (Orc:2)
  2 orc sorcerers (Orc:2)
  2 deep elf magi
  A black mamba (Lair:3)
  A spiny frog (Lair:3)
  2 tengu conjurers
  2 yaktaurs
  3 trolls
  A snapping turtle (Shoals:2)
  An air elemental (Depths:2)
  A water elemental (Abyss:3)
  A basilisk (D:9)
  2 orc warriors
  An ice beast (D:8)
  7 bushes (Lair:6)
  12 fungi
  36 plants
  15 starspawn tentacles (Abyss:3)
  14 tentacles
147 creatures vanquished.

Grand Total: 2649 creatures vanquished

Notes
Turn   | Place    | Note
-------+----------+-------------------------------------------
     0 | Abyss:1  | magipi the Hill Orc Abyssal Knight began the quest for the Orb.
     0 | Abyss:1  | Reached XP level 1. HP: 19/19 MP: 2/2
     6 | D:1      | Escaped the Abyss
    99 | D:1      | Reached XP level 2. HP: 25/26 MP: 3/3
   127 | D:1      | Reached * piety under Lugonu
   714 | D:1      | Reached skill level 3 in Invocations
  1038 | D:2      | Reached XP level 3. HP: 19/31 MP: 5/5
  1495 | D:2      | Reached XP level 4. HP: 24/39 MP: 6/6
  1793 | D:2      | Found a faded altar of an unknown god.
  1858 | D:2      | Reached skill level 5 in Axes
  2480 | D:2      | Noticed Sigmund
  2511 | D:3      | Found a shattered altar of Ashenzari.
  2568 | D:3      | Reached ** piety under Lugonu
  2599 | D:3      | Reached skill level 4 in Invocations
  3170 | D:3      | Found an ancient bone altar of Kikubaaqudgha.
  3276 | D:3      | Reached XP level 5. HP: 34/45 MP: 8/8
  3898 | D:4      | Reached XP level 6. HP: 24/51 MP: 9/9
  4131 | D:4      | Reached skill level 5 in Invocations
  4283 | D:4      | Found a burning altar of Makhleb.
  4285 | D:4      | Found a radiant altar of Vehumet.
  4285 | D:4      | Found a sparkling altar of Nemelex Xobeh.
  4506 | D:4      | Reached skill level 6 in Invocations
  4506 | D:4      | Reached XP level 7. HP: 43/57 MP: 11/11
  4841 | D:5      | Entered Level 5 of the Dungeon
  4841 | D:5      | Noticed Eustachio
  5234 | D:5      | Found Etum's Distillery.
  5285 | D:5      | Reached skill level 1 in Throwing
  5521 | D:5      | Reached skill level 7 in Invocations
  5521 | D:5      | Reached XP level 8. HP: 48/64 MP: 13/13
  5690 | D:5      | Noticed Prince Ribbit
  5884 | D:5      | Reached *** piety under Lugonu
  6190 | D:6      | Noticed Lochraine's ghost (novice TeNe)
  6234 | D:6      | Killed Prince Ribbit
  6234 | D:6      | Reached skill level 10 in Axes
  6234 | D:6      | Reached skill level 8 in Invocations
  6684 | D:5      | Bought a potion of curing for 42 gold pieces
  6684 | D:5      | Bought a potion of agility for 56 gold pieces
  6963 | D:5      | Noticed Pikel
  7776 | D:5      | Banished Pikel
  7776 | D:5      | Reached XP level 9. HP: 56/70 MP: 15/15
  7842 | D:5      | Reached skill level 9 in Invocations
  8436 | D:6      | Found a staircase to the Ecumenical Temple.
  9813 | D:7      | Found an opulent altar of Gozag.
 10735 | D:7      | Reached skill level 5 in Throwing
 10939 | D:7      | Reached skill level 10 in Invocations
 11322 | D:7      | Noticed Lexie's ghost (novice GrFi)
 11340 | D:7      | Banished Lexie's ghost
 11355 | D:7      | Reached XP level 10. HP: 80/80 MP: 10/17
 11435 | D:7      | Reached skill level 5 in Fighting
 11981 | D:8      | Noticed Psyche
 11984 | D:8      | Banished Psyche
 12082 | D:8      | Found a sacrificial altar of Ru.
 12083 | D:8      | Found a snail-covered altar of Cheibriados.
 12345 | D:8      | Reached skill level 5 in Armour
 12558 | D:8      | Found an iron altar of Okawaru.
 12810 | D:9      | Noticed Serafim's ghost (novice MiFi)
 14366 | D:9      | Found a staircase to the Lair.
 14420 | D:9      | Found a stormy altar of Qazlal.
 14503 | D:9      | Found a shimmering altar of Xom.
 14736 | D:9      | Found Plog's Book Emporium.
 14842 | D:9      | Reached XP level 11. HP: 81/94 MP: 18/18
 14938 | D:10     | Entered Level 10 of the Dungeon
 15644 | D:10     | Reached **** piety under Lugonu
 15889 | D:10     | Identified Sif Muna's Papyrus of Weightlessness and Execration
 15935 | D:10     | Got an ancient amber ring
 15936 | D:10     | Identified the ring "Sitsuu" {rN+ AC+3 Int+4} (You found it on level 10 of the Dungeon)
 16028 | D:11     | Reached skill level 1 in Evocations
 16104 | D:11     | Found Xusum's Weapon Shoppe.
 16328 | D:11     | Found a staircase to the Orcish Mines.
 16641 | D:11     | Found a shattered altar of Ashenzari.
 16883 | D:11     | Noticed a two-headed ogre
 16899 | D:11     | Killed a two-headed ogre
 16992 | D:11     | Reached ***** piety under Lugonu
 17112 | D:11     | Noticed a two-headed ogre
 17126 | D:11     | Killed a two-headed ogre
 17182 | D:11     | Noticed Erolcha
 17187 | D:11     | Banished Erolcha
 17477 | D:9      | Banished Serafim's ghost
 17486 | Lair:1   | Entered Level 1 of the Lair of Beasts
 17513 | Lair:1   | Reached skill level 5 in Evocations
 17872 | Lair:1   | Reached XP level 12. HP: 100/102 MP: 19/19
 18627 | Lair:1   | Reached skill level 10 in Armour
 18864 | Lair:1   | Identified a scroll of acquirement
 18867 | Lair:1   | Got a pair of warped gloves
 18878 | Lair:1   | Identified the +3 pair of gloves of Plog {+Fly rF+ rC+} (You acquired it on level 1 of the Lair of Beasts)
 19196 | Lair:2   | Noticed Urug
 19200 | Lair:2   | Banished Urug
 20459 | Lair:3   | Noticed a six-headed hydra
 20461 | Lair:3   | Banished a six-headed hydra
 20499 | Lair:3   | Found a labyrinth entrance.
 20665 | Lab      | Entered a labyrinth
 21333 | Lab      | Noticed a minotaur
 21336 | Lab      | Banished a minotaur
 21345 | Lab      | Got a warped chain mail
 21350 | Lab      | Identified the +4 chain mail of the Armadillo {Dex+6 SInv} (You found it in a labyrinth)
 21514 | Lair:3   | Reached XP level 13. HP: 85/107 MP: 20/20
 21741 | Lair:3   | Found a staircase to the Shoals.
 22112 | Lair:3   | Learned a level 1 spell: Animate Skeleton
 22204 | Lair:3   | Found a hole to the Spider Nest.
 22381 | Lair:4   | Reached skill level 1 in Necromancy
 22402 | Lair:4   | Reached skill level 1 in Spellcasting
 22402 | Lair:4   | Reached skill level 10 in Evocations
 22513 | Lair:4   | Noticed Nergalle
 22514 | Lair:4   | Banished Nergalle
 22920 | Lair:4   | Noticed an entropy weaver
 22922 | Lair:4   | Banished an entropy weaver
 23157 | Lair:4   | Noticed an entropy weaver
 23410 | Lair:4   | Banished an entropy weaver
 23879 | Lair:4   | Noticed Kirke
 24987 | Lair:5   | Found a staircase to the Slime Pits.
 25269 | Lair:5   | Reached skill level 5 in Necromancy
 25709 | Lair:6   | Entered Level 6 of the Lair of Beasts
 26034 | Lair:6   | Reached XP level 14. HP: 84/115 MP: 21/21
 26285 | Lair:6   | Reached skill level 1 in Dodging
 26442 | Lair:6   | Learned a level 4 spell: Animate Dead
 28225 | D:6      | Killed Lochraine's ghost
 28443 | D:4      | Killed Eustachio
 28547 | D:2      | Killed Sigmund
 28750 | Orc:1    | Entered Level 1 of the Orcish Mines
 28898 | Orc:2    | Entered Level 2 of the Orcish Mines
 29232 | Orc:1    | Noticed an orc warlord
 29309 | Orc:2    | Reached ****** piety under Lugonu
 29504 | Orc:2    | Killed an orc warlord
 29963 | Orc:2    | Found Agen's Jewellery Boutique.
 29974 | Orc:2    | Bought an uncursed amulet of faith for 480 gold pieces
 29981 | Orc:2    | Found Bygod's Weapon Shop.
 30034 | Orc:2    | Found a roughly hewn altar of Beogh.
 30134 | Orc:2    | Reached skill level 15 in Axes
 30401 | Orc:2    | Noticed a stone giant
 30604 | Orc:2    | Banished a stone giant
 30788 | Orc:2    | Identified the +2 scale mail of Zavuab {rF+ rN+ rCorr Dex+2} (You found it on level 2 of the Orcish Mines)
 30855 | Orc:2    | Reached skill level 5 in Dodging
 30939 | Orc:2    | Found a staircase to the Elven Halls.
 31020 | Orc:2    | Reached XP level 15. HP: 108/121 MP: 18/22
 31348 | Orc:2    | Noticed an orc warlord
 31362 | Orc:2    | Banished an orc warlord
 31601 | Orc:2    | Found a roughly hewn altar of Beogh.
 31647 | Orc:2    | Found Uneov's Weapon Boutique.
 31976 | Orc:2    | Found Elaragg's Gadget Shop.
 31995 | Orc:2    | Bought a wand of paralysis (14/24) for 192 gold pieces
 31995 | Orc:2    | Bought a wand of acid (9/15) for 312 gold pieces
 33489 | D:13     | Found Xupem's Weapon Boutique.
 34389 | D:13     | Noticed Nessos
 34399 | D:13     | Killed Nessos
 34426 | D:13     | Learned a level 3 spell: Regeneration
 34707 | D:13     | Reached skill level 1 in Charms
 34835 | D:13     | Found a gate to the Vaults.
 34857 | D:13     | Reached skill level 10 in Necromancy
 35299 | D:14     | Found a glowing silver altar of Zin.
 35578 | Orc:2    | Bought an uncursed ring of see invisible for 180 gold pieces
 36234 | D:14     | Reached XP level 16. HP: 88/128 MP: 23/23
 36824 | D:14     | Found a portal to a secret trove of treasure.
 37557 | D:15     | Entered Level 15 of the Dungeon
 38008 | D:15     | Found Bearcha's Demolitions Depot.
 38871 | D:15     | Found a blossoming altar of Fedhas.
 39026 | D:15     | Found a staircase to the Depths.
 39628 | Spider:1 | Entered Level 1 of the Spider Nest
 40582 | Spider:1 | Reached skill level 5 in Charms
 41246 | Spider:2 | Noticed Aizul
 41870 | Spider:2 | Killed Aizul
 42382 | Spider:2 | Reached skill level 5 in Spellcasting
 42931 | Spider:3 | Identified the cursed +1 battleaxe of Ileatzor {speed, *Rage rElec Dex+4} (You found it on level 3 of the Spider Nest)
 42995 | Spider:3 | Reached XP level 17. HP: 131/134 MP: 24/24
 43455 | Spider:4 | Entered Level 4 of the Spider Nest
 43967 | Spider:3 | Reached skill level 11 in Invocations
 44240 | Spider:4 | Noticed Nikola
 44250 | Spider:4 | Killed Nikola
 45320 | Spider:4 | Learned a level 2 spell: Song of Slaying
 45324 | Spider:4 | Learned a level 3 spell: Spectral Weapon
 45484 | Spider:3 | Reached skill level 1 in Hexes
 45484 | Spider:3 | Reached skill level 12 in Invocations
 47020 | Spider:4 | Got a gossamer rune of Zot
 47052 | Spider:4 | Reached skill level 13 in Invocations
 47205 | Shoals:1 | Entered Level 1 of the Shoals
 47211 | Shoals:1 | Reached XP level 18. HP: 140/140 MP: 27/27
 47536 | Shoals:1 | Reached skill level 5 in Hexes
 47890 | Shoals:2 | Noticed Polyphemus
 47904 | Shoals:2 | Noticed Jorgrun
 47938 | Shoals:2 | Banished Polyphemus
 48478 | Shoals:2 | Killed Jorgrun
 49008 | Shoals:3 | Reached skill level 14 in Invocations
 49038 | Shoals:3 | Reached skill level 10 in Charms
 49065 | Shoals:3 | Noticed Ilsuiw
 49127 | Shoals:3 | Killed Ilsuiw
 49923 | Shoals:4 | Entered Level 4 of the Shoals
 50027 | Shoals:4 | Identified the +1 leather armour "Iseokuff" {MR+++ Slay+2} (You found it on level 4 of the Shoals)
 51554 | Shoals:3 | Reached skill level 15 in Invocations
 52053 | Shoals:4 | Got a barnacled rune of Zot
 52565 | Vaults:1 | Entered Level 1 of the Vaults
 52587 | Vaults:1 | Found a ruined gateway.
 52886 | Vaults:1 | Reached XP level 19. HP: 116/150 MP: 30/30
 53477 | Vaults:1 | Reached skill level 10 in Fighting
 53791 | Vaults:1 | Noticed a tentacled monstrosity
 53802 | Vaults:1 | Killed a tentacled monstrosity
 53918 | Vaults:1 | Found Qaawim's Antique Armour Emporium.
 54339 | Vaults:1 | Reached skill level 10 in Hexes
 55138 | Vaults:2 | Found Doess's Jewellery Shop.
 56326 | Vaults:2 | Found a staircase to the Crypt.
 57138 | Vaults:3 | Found Tadway's Magic Scroll Emporium.
 57189 | Vaults:3 | Bought a scroll of magic mapping for 56 gold pieces
 57189 | Vaults:3 | Bought a scroll of teleportation for 48 gold pieces
 57189 | Vaults:3 | Bought a scroll of teleportation for 48 gold pieces
 57189 | Vaults:3 | Bought a scroll of enchant weapon for 120 gold pieces
 57189 | Vaults:3 | Bought a scroll of enchant weapon for 120 gold pieces
 57553 | Vaults:3 | Reached XP level 20. HP: 160/170 MP: 31/31
 59478 | Vaults:4 | Noticed Boris
 59559 | Vaults:4 | Noticed Donald
 60077 | D:9      | Bought the Compendium of the Displaced Snowflakes for 383 gold pieces
 60080 | D:9      | Learned a level 1 spell: Apportation
 60083 | D:9      | Learned a level 2 spell: Blink
 60227 | Depths:1 | Entered Level 1 of the Depths
 60625 | Depths:1 | Found a gateway to Hell.
 60822 | Depths:1 | Reached skill level 1 in Translocations
 60848 | Depths:1 | Noticed the Enchantress
 60876 | Depths:1 | Killed the Enchantress
 60911 | Depths:1 | Got faerie dragon scales
 60913 | Depths:1 | Identified the +0 faerie dragon scales {rPois rF+ rCorr} (You took it off the Enchantress on level 1 of the Depths)
 61204 | Depths:1 | Reached XP level 21. HP: 129/183 MP: 32/32
 61332 | Depths:1 | Reached skill level 16 in Invocations
 61457 | Depths:1 | Found Weujof's Gadget Emporium.
 61457 | Depths:1 | Found Ogachahe's Jewellery Boutique.
 61458 | Depths:1 | Found Sox Ceej's Jewellery Boutique.
 61712 | Depths:2 | Reached skill level 15 in Fighting
 61774 | Depths:2 | Found a gateway to a ziggurat.
 62215 | Depths:2 | Found a one-way gate to the infinite horrors of the Abyss.
 63650 | Depths:2 | Reached skill level 5 in Translocations
 63903 | Depths:2 | Got a glittering pewter ring
 63963 | Depths:2 | Reached skill level 17 in Invocations
 63973 | Depths:2 | Noticed a golden dragon
 63984 | Depths:2 | Killed a golden dragon
 64264 | Depths:2 | Identified the ring "Bulotz" {Wiz Str+3} (You took it off a frost giant on level 2 of the Depths)
 64307 | Depths:3 | Paralysed by a floating eye for 2 turns
 64832 | Depths:3 | Reached XP level 22. HP: 195/195 MP: 34/34
 65110 | Depths:3 | Noticed a juggernaut
 65142 | Depths:3 | HP: 2/196 [juggernaut (28)]
 65145 | Depths:3 | Killed a juggernaut
 65168 | Depths:3 | Reached skill level 10 in Dodging
 65303 | Depths:3 | Noticed Sojobo
 65510 | Depths:3 | Found a one-way gate leading to the halls of Pandemonium.
 65628 | Depths:3 | Killed Sojobo
 66070 | Depths:3 | Found a gateway to a bazaar.
 66084 | Depths:3 | Gained mutation: You are robust. (+10% HP) [a neqoxec]
 66101 | Bazaar   | Entered a bazaar
 66101 | Bazaar   | Found Joicef's Antique Armour Shop.
 66101 | Bazaar   | Found Wesirat's Food Shop.
 66101 | Bazaar   | Found Firoette's Gadget Shoppe.
 66103 | Bazaar   | Found Liorch's Distillery.
 66183 | Bazaar   | Bought a potion of heal wounds for 45 gold pieces
 66183 | Bazaar   | Bought 2 potions of curing for 54 gold pieces
 66183 | Bazaar   | Bought a potion of haste for 90 gold pieces
 66183 | Bazaar   | Bought a potion of curing for 27 gold pieces
 66183 | Bazaar   | Bought a potion of might for 36 gold pieces
 66183 | Bazaar   | Bought a potion of curing for 27 gold pieces
 66183 | Bazaar   | Bought 2 potions of curing for 54 gold pieces
 66183 | Bazaar   | Bought a potion of curing for 27 gold pieces
 66183 | Bazaar   | Bought a potion of haste for 90 gold pieces
 66189 | Bazaar   | Bought a glowing cloak for 217 gold pieces
 66220 | Bazaar   | Bought a sack of spiders for 240 gold pieces
 66668 | Depths:4 | Noticed a juggernaut
 66720 | Depths:4 | Killed a juggernaut
 67017 | Depths:4 | Noticed Louise
 67158 | Depths:3 | Killed Louise
 67666 | Depths:4 | Reached XP level 23. HP: 214/226 MP: 35/35
 68528 | Depths:5 | Entered Level 5 of the Depths
 68994 | Depths:5 | Noticed Mennas
 68995 | Depths:5 | Corrupted Depths:5
 69016 | Depths:5 | Killed Mennas
 69809 | Depths:5 | Identified the +1 chain mail "Cupt" {rElec MR++ Str+3 Dex+3} (You found it on level 5 of the Depths)
 70779 | Depths:5 | Reached skill level 15 in Armour
 70849 | Depths:5 | Noticed a golden dragon
 70867 | Depths:5 | Killed a golden dragon
 71120 | Depths:5 | Found a gate to the Realm of Zot.
 71511 | Depths:1 | Bought the ring of the Burgomaster {rF++ rC+ Str+6} for 1242 gold pieces
 71775 | Elf:1    | Entered Level 1 of the Elven Halls
 72384 | Elf:1    | Reached XP level 24. HP: 242/242 MP: 35/35
 72492 | Elf:1    | Learned a level 3 spell: Lesser Beckoning
 72497 | Elf:1    | Learned a level 4 spell: Passage of Golubria
 73011 | Elf:1    | Reached skill level 10 in Throwing
 73079 | Elf:1    | Identified Bopluoh's Incunabulum of the Escort
 73087 | Elf:1    | Learned a level 3 spell: Tukima's Dance
 73775 | Elf:2    | Found a runed gate.
 73775 | Elf:2    | Found a runed gate.
 73775 | Elf:2    | Found a runed gate.
 73837 | Elf:3    | Entered Level 3 of the Elven Halls
 74867 | Elf:3    | Got a translucent granite ring
 74909 | Elf:3    | Identified the ring of Noon {+Fly rC+ Int+4} (You took it off a deep elf death mage on level 3 of the Elven Halls)
 75358 | Elf:3    | Got a flickering silver ring
 75360 | Elf:3    | Identified the ring "Zecafues" {rC+ Slay+3} (You took it off a deep elf demonologist on level 3 of the Elven Halls)
 75751 | Elf:3    | Identified Sif Muna's Grimoire of the Poisonous Rocks
 76519 | Depths:2 | Voluntarily entered the Abyss.
 76519 | Abyss:1  | Found a corrupted altar of Lugonu.
 76526 | Abyss:1  | Killed Psyche
 76586 | Abyss:1  | Killed Nergalle
 76591 | Abyss:1  | Found a corrupted altar of Lugonu.
 76657 | Abyss:3  | Found an iron altar of Okawaru.
 76722 | Abyss:3  | Got a translucent cloak
 76723 | Abyss:3  | Identified the +5 cloak of Gehenna {*Corrode rElec Int+9} (You found it on level 3 of the Abyss)
 77085 | Abyss:3  | Noticed an ancient lich
 77109 | Abyss:3  | Killed an ancient lich
 77109 | Abyss:3  | Reached XP level 25. HP: 174/254 MP: 35/35
 77112 | Abyss:3  | Found a corrupted altar of Lugonu.
 77139 | Abyss:3  | Gained mutation: Armour fits poorly on your strangely shaped body. [a neqoxec]
 77201 | Abyss:3  | Reached skill level 10 in Translocations
 77304 | Abyss:3  | Found a corrupted altar of Lugonu.
 77494 | Abyss:3  | Found a corrupted altar of Lugonu.
 77775 | Abyss:3  | Gained mutation: You are covered in fur. (AC +1) [a neqoxec]
 77867 | Abyss:3  | Found a corrupted altar of Lugonu.
 78156 | Abyss:3  | Got an abyssal rune of Zot
 78161 | Abyss:3  | Paralysed by you for 6 turns
 78443 | Depths:2 | Escaped the Abyss
 78544 | Zot:1    | Entered Level 1 of the Realm of Zot
 78968 | Zot:1    | Noticed an orb of fire
 79488 | Zot:1    | Gained mutation: Your spells are a little easier to cast, but a little less powerful. [an orb of fire]
 79504 | Zot:1    | Gained mutation: Your system is resistant to poisons. (rPois) [an orb of fire]
 79510 | Zot:1    | Gained mutation: Scrolls take you a little longer to read. [an orb of fire]
 79513 | Zot:1    | Gained mutation: Scrolls take you longer to read. [an orb of fire]
 79518 | Zot:1    | Gained mutation: Your body sometimes deteriorates upon taking damage. [an orb of fire]
 79519 | Zot:1    | Gained mutation: You tend to lose your temper in combat. [an orb of fire]
 79520 | Zot:1    | Killed an orb of fire
 79754 | Depths:5 | Lost mutation: Your spells are a little easier to cast, but a little less powerful. [potion of mutation]
 79754 | Depths:5 | Lost mutation: You are robust. (+10% HP) [potion of mutation]
 79754 | Depths:5 | Lost mutation: Scrolls take you longer to read. [potion of mutation]
 79754 | Depths:5 | Lost mutation: Armour fits poorly on your strangely shaped body. [potion of mutation]
 79754 | Depths:5 | Gained mutation: You are partially covered in slimy green scales. (AC +2) [potion of mutation]
 79754 | Depths:5 | Gained mutation: Your mind is acute. (Int +2) [potion of mutation]
 79755 | Depths:5 | Lost mutation: Your body sometimes deteriorates upon taking damage. [potion of mutation]
 79755 | Depths:5 | Lost mutation: Scrolls take you a little longer to read. [potion of mutation]
 79755 | Depths:5 | Lost mutation: You are partially covered in slimy green scales. (AC +2) [potion of mutation]
 79755 | Depths:5 | Lost mutation: You tend to lose your temper in combat. [potion of mutation]
 79755 | Depths:5 | Lost mutation: Your mind is acute. (Int +2) [potion of mutation]
 79755 | Depths:5 | Lost mutation: Your system is resistant to poisons. (rPois) [potion of mutation]
 79755 | Depths:5 | Gained mutation: Armour fits poorly on your strangely shaped body. [potion of mutation]
 79755 | Depths:5 | Gained mutation: You are robust. (+10% HP) [potion of mutation]
 80018 | Zot:3    | Reached skill level 18 in Invocations
 80493 | Zot:1    | Reached skill level 19 in Invocations
 80589 | Zot:1    | Reached XP level 26. HP: 237/262 MP: 36/36
 81619 | Zot:2    | Reached skill level 20 in Invocations
 81631 | Zot:2    | Identified the ring of Vanity {Fire MR+ Int+2 Stlth-} (You found it on level 2 of the Realm of Zot)
 81774 | Zot:2    | Noticed an orb of fire
 81775 | Zot:2    | Gained mutation: You expend magic power (3 MP) to strengthen your wands. [an orb of fire]
 81776 | Zot:2    | Gained mutation: You tend to lose your temper in combat. [an orb of fire]
 81801 | Zot:2    | Gained mutation: You are clumsy. (Dex -2) [an orb of fire]
 81810 | Zot:2    | Killed an orb of fire
 82391 | Zot:2    | Lost mutation: You are covered in fur. (AC +1) [potion of mutation]
 82391 | Zot:2    | Lost mutation: You tend to lose your temper in combat. [potion of mutation]
 82391 | Zot:2    | Lost mutation: You expend magic power (3 MP) to strengthen your wands. [potion of mutation]
 82391 | Zot:2    | Gained mutation: Potions are less effective at restoring your health. [potion of mutation]
 82391 | Zot:2    | Gained mutation: Your magical capacity is low. (-10% MP) [potion of mutation]
 82391 | Zot:2    | Gained mutation: You are surrounded by a mild repulsion field. (EV +2) [potion of mutation]
 82550 | Zot:3    | Reached skill level 21 in Invocations
 82868 | Zot:3    | Identified Ontoen's Reference Book on Self-Knowledge and Orientation
 83198 | Zot:4    | Reached skill level 22 in Invocations
 84397 | Zot:5    | Entered Level 5 of the Realm of Zot
 84424 | Zot:5    | Reached skill level 23 in Invocations
 86176 | Zot:5    | Reached skill level 24 in Invocations
 86354 | Zot:5    | Reached XP level 27. HP: 244/270 MP: 35/35
 86364 | Zot:5    | Noticed an ancient lich
 86380 | Zot:5    | Killed an ancient lich
 86440 | Zot:5    | Noticed an ancient lich
 86452 | Zot:5    | Killed an ancient lich
 86486 | Zot:5    | Reached skill level 25 in Invocations
 86515 | Zot:5    | Noticed an ancient lich
 86530 | Zot:5    | Killed an ancient lich
 86713 | Zot:5    | Noticed an orb of fire
 86734 | Zot:5    | Gained mutation: Your body sometimes deteriorates upon taking damage. [an orb of fire]
 86740 | Zot:5    | Gained mutation: You are dopey. (Int -2) [an orb of fire]
 86746 | Zot:5    | Gained mutation: You are very clumsy. (Dex -4) [an orb of fire]
 86753 | Zot:5    | Killed an orb of fire
 87184 | Zot:5    | Noticed an ancient lich
 87199 | Zot:5    | Killed an ancient lich
 87199 | Zot:5    | Reached skill level 26 in Invocations
 87259 | Zot:5    | Noticed an orb of fire
 87493 | Zot:5    | Lost mutation: Your magical capacity is low. (-10% MP) [potion of mutation]
 87493 | Zot:5    | Lost mutation: Your body sometimes deteriorates upon taking damage. [potion of mutation]
 87493 | Zot:5    | Gained mutation: You are partially covered in icy blue scales. (AC +2) [potion of mutation]
 87494 | Zot:5    | Lost mutation: You are very clumsy. (Dex -4) [potion of mutation]
 87494 | Zot:5    | Lost mutation: You are robust. (+10% HP) [potion of mutation]
 87494 | Zot:5    | Gained mutation: Your natural rate of healing is unusually fast. [potion of mutation]
 87494 | Zot:5    | Lost mutation: You are dopey. (Int -2) [potion of mutation]
 87494 | Zot:5    | Gained mutation: You possess an exceptional clarity of mind. [potion of mutation]
 88209 | Zot:5    | Reached skill level 27 in Invocations
 88439 | Zot:5    | Gained mutation: You occasionally shout uncontrollably at your foes. [an orb of fire]
 88445 | Zot:5    | Gained mutation: You are frail. (-10% HP) [an orb of fire]
 88453 | Zot:5    | Killed an orb of fire
 88466 | Zot:5    | Noticed an orb of fire
 88478 | Zot:5    | Gained mutation: You sometimes yell uncontrollably at your foes. [an orb of fire]
 88486 | Zot:5    | Killed an orb of fire
 88531 | Zot:5    | Noticed an orb of fire
 88534 | Zot:5    | Noticed an orb of fire
 88539 | Zot:5    | Lost mutation: Your natural rate of healing is unusually fast. [an orb of fire]
 88543 | Zot:5    | Gained mutation: You have sharp toenails. [an orb of fire]
 88559 | Zot:5    | Gained mutation: You are weak. (Str -2) [an orb of fire]
 88559 | Zot:5    | Gained mutation: Scrolls take you a little longer to read. [an orb of fire]
 88564 | Zot:5    | Killed an orb of fire
 88572 | Zot:5    | Killed an orb of fire
 88580 | Zot:5    | Lost mutation: You possess an exceptional clarity of mind. [potion of mutation]
 88580 | Zot:5    | Lost mutation: You sometimes yell uncontrollably at your foes. [potion of mutation]
 88580 | Zot:5    | Lost mutation: You occasionally shout uncontrollably at your foes. [potion of mutation]
 88580 | Zot:5    | Gained mutation: Your flesh is cold resistant. (rC+) [potion of mutation]
 88580 | Zot:5    | Lost mutation: You have sharp toenails. [potion of mutation]
 88580 | Zot:5    | Gained mutation: You are very clumsy. (Dex -4) [potion of mutation]
 88580 | Zot:5    | Gained mutation: You have a somewhat thin skeletal structure. (Dex +2, Stealth) [potion of mutation]
 88584 | Zot:5    | Lost mutation: You are weak. (Str -2) [potion of mutation]
 88584 | Zot:5    | Lost mutation: You are frail. (-10% HP) [potion of mutation]
 88584 | Zot:5    | Lost mutation: Armour fits poorly on your strangely shaped body. [potion of mutation]
 88584 | Zot:5    | Lost mutation: Scrolls take you a little longer to read. [potion of mutation]
 88584 | Zot:5    | Lost mutation: You are very clumsy. (Dex -4) [potion of mutation]
 88584 | Zot:5    | Gained mutation: You are weak. (Str -2) [potion of mutation]
 88584 | Zot:5    | Gained mutation: You have sharp fingernails. [potion of mutation]
 88584 | Zot:5    | Gained mutation: You are robust. (+10% HP) [potion of mutation]
 88584 | Zot:5    | Gained mutation: You are somewhat resistant to further mutation. [potion of mutation]
 88961 | Zot:5    | Got the Orb of Zot
 88994 | Zot:5    | Noticed an orb of fire
 89004 | Zot:5    | Lost mutation: You are robust. (+10% HP) [an orb of fire]
 89025 | Zot:5    | Killed an orb of fire
 89184 | Depths:5 | Noticed Afik the pandemonium lord
 89446 | D:14     | Noticed a seraph
 89707 | D:$      | Escaped with the Orb!

Skill      XL: |  1  2  3  4  5  6  7  8  9 10 11 12 13 14 15 16 17 18 19 20 21 22 23 24 25 26 27 |
---------------+----------------------------------------------------------------------------------+-----
Axes           | 3 4 5 6 8 9 10 11 13 15 16 18 19 20 | 20.7
Invocations    | 3 4 6 7 8 10 13 15 17 19 24 27 | 27.0
Throwing       | 1 3 5 7 8 9 11 12 | 12.2
Fighting       | 4 7 8 9 13 14 16 17 18 19 20 21 | 21.2
Armour         | 3 6 9 12 14 15 16 17 | 17.9
Evocations     | 5 9 10 | 10.0
Necromancy     | 5 8 10 11 | 11.0
Spellcasting   | 4 5 |  5.0
Dodging        | 5 7 8 9 10 12 13 14 | 14.2
Charms         | 3 6 9 10 11 | 11.7
Hexes          | 4 8 11 | 11.0
Translocations | 2 6 8 9 11 | 11.0

Action                   |  1- 3 |  4- 6 |  7- 9 | 10-12 | 13-15 | 16-18 | 19-21 | 22-24 | 25-27 || total
-------------------------+-------+-------+-------+-------+-------+-------+-------+-------+-------++-------
Melee: Hand axe          |   105 |   214 |   655 |   445 |       |       |       |       |       ||  1419
       Battleaxe         |       |       |       |   486 |  1299 |  1399 |  1479 |  1624 |  1697 ||  7984
       Unarmed           |       |       |       |       |     6 |       |       |       |       ||     6
 Fire: Blowgun           |       |       |    23 |     2 |       |       |       |       |    50 ||    75
Throw: Tomahawk          |     1 |    15 |    16 |    13 |     7 |     6 |       |       |       ||    58
       Javelin           |       |       |       |       |     2 |       |     4 |    14 |   108 ||   128
       Throwing net      |       |       |       |       |       |       |       |       |     6 ||     6
 Cast: Animate Skeleton  |       |       |       |       |    99 |    26 |    34 |    33 |     5 ||   197
       Animate Dead      |       |       |       |       |    12 |    71 |    33 |    24 |     6 ||   146
       Regeneration      |       |       |       |       |       |     2 |    60 |    72 |    76 ||   210
       Blink             |       |       |       |       |       |       |       |     2 |       ||     2
       Apportation       |       |       |       |       |       |       |       |     3 |    11 ||    14
Invok: Depart the Abyss  |     1 |       |       |       |       |       |       |       |       ||     1
       Banish            |       |       |     5 |    16 |    29 |    30 |    13 |     4 |     3 ||   100
       Corrupt           |       |       |       |       |       |       |       |     1 |       ||     1
 Abil: Stop Flying       |       |       |       |     1 |       |     1 |     3 |     1 |     1 ||     7
       Evoke Flight      |       |       |       |       |       |     2 |     2 |     1 |     1 ||     6
Evoke: Wand              |       |     8 |     7 |    18 |    35 |    42 |    16 |    32 |    23 ||   181
       Sack of spiders   |       |       |       |     3 |       |       |       |     3 |       ||     6
       Lamp of fire      |       |       |       |       |       |     1 |     1 |     4 |     3 ||     9
       Phial of floods   |       |       |       |       |       |     1 |     1 |       |       ||     2
       Phantom mirror    |       |       |       |       |       |       |       |     1 |       ||     1
  Use: Potion            |       |     1 |     2 |     1 |       |     6 |     5 |     6 |    26 ||    47
       Scroll            |       |       |     2 |    29 |    14 |    17 |    13 |     8 |    20 ||   103
 Stab: Held in net/web   |       |       |       |     1 |       |     1 |       |       |     3 ||     5
       Distracted        |       |       |       |       |    11 |    26 |    11 |    12 |     2 ||    62
       Confused          |       |       |       |       |     1 |       |       |       |       ||     1
       Paralysed         |       |       |       |       |     7 |    23 |    21 |     7 |       ||    58
       Sleeping          |       |       |       |       |       |       |     1 |       |       ||     1
  Eat: Chunk             |     2 |    10 |    10 |    29 |    39 |    24 |    36 |    28 |     5 ||   183
       Royal jelly       |       |       |     4 |     2 |     7 |     1 |     4 |     2 |       ||    20
       Bread ration      |       |       |     1 |     1 |     2 |     7 |     1 |     3 |     7 ||    22
       Fruit             |       |       |       |     2 |     7 |     6 |     5 |     1 |     4 ||    25
       Meat ration       |       |       |       |       |       |     3 |     1 |     3 |     4 ||    11
Armor: Leather armour    |    21 |       |       |       |       |       |       |       |       ||    21
       Chain mail        |    15 |   114 |   121 |    35 |   663 |   970 |   576 |   836 |   802 ||  4132
       Skin              |       |     2 |       |       |       |       |       |       |       ||     2
       Plate armour      |       |       |   225 |   582 |       |       |       |       |       ||   807
Dodge: Dodged            |    53 |    55 |   132 |   405 |   764 |  1462 |   981 |   815 |   921 ||  5588

Action                   |  1- 3 |  4- 6 |  7- 9 | 10-12 | 13-15 | 16-18 | 19-21 | 22-24 | 25-27 || total
-------------------------+-------+-------+-------+-------+-------+-------+-------+-------+-------++-------
Melee: Hand axe          |   105 |   214 |   655 |   445 |       |       |       |       |       ||  1419
       Battleaxe         |       |       |       |   486 |  1299 |  1399 |  1479 |  1624 |  1697 ||  7984
       Unarmed           |       |       |       |       |     6 |       |       |       |       ||     6
 Fire: Blowgun           |       |       |    23 |     2 |       |       |       |       |    50 ||    75
Throw: Tomahawk          |     1 |    15 |    16 |    13 |     7 |     6 |       |       |       ||    58
       Javelin           |       |       |       |       |     2 |       |     4 |    14 |   108 ||   128
       Throwing net      |       |       |       |       |       |       |       |       |     6 ||     6
 Cast: Animate Skeleton  |       |       |       |       |    99 |    26 |    34 |    33 |     5 ||   197
       Animate Dead      |       |       |       |       |    12 |    71 |    33 |    24 |     6 ||   146
       Regeneration      |       |       |       |       |       |     2 |    60 |    72 |    76 ||   210
       Blink             |       |       |       |       |       |       |       |     2 |       ||     2
       Apportation       |       |       |       |       |       |       |       |     3 |    11 ||    14
Invok: Depart the Abyss  |     1 |       |       |       |       |       |       |       |       ||     1
       Banish            |       |       |     5 |    16 |    29 |    30 |    13 |     4 |     3 ||   100
       Corrupt           |       |       |       |       |       |       |       |     1 |       ||     1
 Abil: Stop Flying       |       |       |       |     1 |       |     1 |     3 |     1 |     1 ||     7
       Evoke Flight      |       |       |       |       |       |     2 |     2 |     1 |     1 ||     6
Evoke: Wand              |       |     8 |     7 |    18 |    35 |    42 |    16 |    32 |    23 ||   181
       Sack of spiders   |       |       |       |     3 |       |       |       |     3 |       ||     6
       Lamp of fire      |       |       |       |       |       |     1 |     1 |     4 |     3 ||     9
       Phial of floods   |       |       |       |       |       |     1 |     1 |       |       ||     2
       Phantom mirror    |       |       |       |       |       |       |       |     1 |       ||     1
  Use: Potion            |       |     1 |     2 |     1 |       |     6 |     5 |     6 |    26 ||    47
       Scroll            |       |       |     2 |    29 |    14 |    17 |    13 |     8 |    20 ||   103
 Stab: Held in net/web   |       |       |       |     1 |       |     1 |       |       |     3 ||     5
       Distracted        |       |       |       |       |    11 |    26 |    11 |    12 |     2 ||    62
       Confused          |       |       |       |       |     1 |       |       |       |       ||     1
       Paralysed         |       |       |       |       |     7 |    23 |    21 |     7 |       ||    58
       Sleeping          |       |       |       |       |       |       |     1 |       |       ||     1
  Eat: Chunk             |     2 |    10 |    10 |    29 |    39 |    24 |    36 |    28 |     5 ||   183
       Royal jelly       |       |       |     4 |     2 |     7 |     1 |     4 |     2 |       ||    20
       Bread ration      |       |       |     1 |     1 |     2 |     7 |     1 |     3 |     7 ||    22
       Fruit             |       |       |       |     2 |     7 |     6 |     5 |     1 |     4 ||    25
       Meat ration       |       |       |       |       |       |     3 |     1 |     3 |     4 ||    11
Armor: Leather armour    |    21 |       |       |       |       |       |       |       |       ||    21
       Chain mail        |    15 |   114 |   121 |    35 |   663 |   970 |   576 |   836 |   802 ||  4132
       Skin              |       |     2 |       |       |       |       |       |       |       ||     2
       Plate armour      |       |       |   225 |   582 |       |       |       |       |       ||   807
Dodge: Dodged            |    53 |    55 |   132 |   405 |   764 |  1462 |   981 |   815 |   921 ||  5588
